 Dungeon Crawl Stone Soup version 0.21.1-1-g345015f (webtiles) character file.

17813 inmateoo the Thaumaturge (level 12, -3/94 HPs)
             Began as a Gnoll Skald on Mar 20, 2018.
             Was a Believer of Ashenzari.
             Slain by a quicksilver dragon (16 damage)
             ... on level 1 of the Orcish Mines.
             The game lasted 00:38:05 (14111 turns).

inmateoo the Thaumaturge (Gnoll Skald)             Turns: 14111, Time: 00:38:06

Health: -3/94      AC: 10    Str: 10    XL:     12   Next: 51%
Magic:  23/24      EV: 20    Int: 20    God:    Ashenzari [**....]
Gold:   417        SH:  0    Dex: 15    Spells: 6/28 levels left

rFire    + + +     SeeInvis +   k - +2 dagger (venom)
rCold    . . .     Gourm    .   (no shield)
rNeg     . . .     Faith    .   J - +1 robe {MR+}
rPois    +         Spirit   .   R - +1 hat
rElec    .         Reflect  .   q - +0 cloak
rCorr    .         Harm     .   L - +0 pair of gloves
MR       ++...                  O - +2 pair of boots
Stlth    +++.......             I - amulet of regeneration
HPRegen  0.65/turn              v - +4 ring of evasion
MPRegen  0.19/turn              t - ring "Ykoupan" {rPois rF+++ MR+ Str-4 SInv}

@: heavily drained
A: distributed training, fangs 1, strong nose
a: Curse Item, Scrying, Renounce Religion


You were on level 1 of the Orcish Mines.
You worshipped Ashenzari.
Ashenzari was pleased with you.
You were near starving.

You visited 3 branches of the dungeon, and saw 14 of its levels.

You collected 1117 gold pieces.
You spent 700 gold pieces at shops.

Inventory:

Hand Weapons
 k - a +2 dagger of venom (weapon)
 m - a +0 scimitar of flaming
 C - a +4 quarterstaff of chaos
Armour
 q - a +0 cloak (worn)
 J - a +1 robe of magic resistance (worn)
 L - a +0 pair of gloves (worn)
 O - a +2 pair of boots (worn)
 R - a +1 hat (worn)
Magical Staves
 i - an uncursed staff of wizardry
Jewellery
 t - the ring "Ykoupan" (right hand) {rPois rF+++ MR+ Str-4 SInv}
   (You bought it in a shop on level 6 of the Dungeon)

   [ring of see invisible]

   It affects your strength (-4).
   It renders you almost immune to fire.
   It protects you from poison.
   It affects your resistance to hostile enchantments.
   It lets you see invisible.
 v - a +4 ring of evasion (left hand)
 F - an uncursed ring of protection from cold
 I - an amulet of regeneration (around neck)
Wands
 b - a wand of flame (47)
 e - a wand of enslavement (4)
 K - a wand of polymorph (10)
 P - a wand of scattershot (5)
Scrolls
 h - 7 scrolls of remove curse
 j - 2 scrolls of magic mapping
 n - 2 scrolls of teleportation
 w - 3 scrolls of enchant weapon
 x - 2 scrolls of identify
Potions
 f - 3 potions of mutation
 l - a potion of might
 p - a potion of flight
 r - 2 potions of resistance
 z - 2 potions of lignification
 B - a potion of haste
 E - 2 potions of magic
 M - 2 potions of curing
Books
 c - a book of Battle

   Spells                             Type                      Level
   a - Infusion                       Charms                       1
   b - Shroud of Golubria             Charms/Translocation         2
   c - Song of Slaying                Charms                       2
   d - Spectral Weapon                Hexes/Charms                 3
   e - Regeneration                   Charms/Necromancy            3
 s - a book of Necromancy

   Spells                             Type                      Level
   a - Pain                           Necromancy                   1
   b - Animate Skeleton               Necromancy                   1
   c - Vampiric Draining              Necromancy                   3
   d - Regeneration                   Charms/Necromancy            3
   e - Animate Dead                   Necromancy                   4
   f - Borgnjor's Vile Clutch         Necromancy/Earth             5
 u - a book of Maledictions

   Spells                             Type                      Level
   a - Corona                         Hexes                        1
   b - Ensorcelled Hibernation        Hexes/Ice                    2
   c - Confuse                        Hexes                        3
   d - Tukima's Dance                 Hexes                        3
   e - Dazzling Spray                 Conjuration/Hexes            3
 G - a Young Poisoner's Handbook

   Spells                             Type                      Level
   a - Sting                          Conjuration/Poison           1
   b - Poisonous Vapours              Poison/Air                   2
   c - Mephitic Cloud                 Conjuration/Poison/Air       3
   d - Olgreb's Toxic Radiance        Poison                       4
   e - Venom Bolt                     Conjuration/Poison           5
 H - a book of Changes

   Spells                             Type                      Level
   a - Beastly Appendage              Transmutation                1
   b - Sticks to Snakes               Transmutation                2
   c - Spider Form                    Transmutation/Poison         3
   d - Ice Form                       Ice/Transmutation            4
   e - Blade Hands                    Transmutation                5
Comestibles
 d - 30 rations


   Skills:
 + Level 8.6(6.9) Fighting
 + Level 7.2(5.5) Short Blades
 + Level 7.2(5.5) Long Blades
 + Level 7.2(5.5) Axes
 + Level 7.2(5.5) Maces & Flails
 + Level 8.6(6.9) Polearms
 + Level 7.2(5.5) Staves
 + Level 7.2(5.5) Slings
 + Level 7.2(5.5) Bows
 + Level 7.2(5.5) Crossbows
 + Level 7.2(5.5) Throwing
 + Level 7.7(6.0) Armour
 + Level 8.6(6.9) Dodging
 + Level 7.2(5.5) Stealth
 + Level 7.2(5.5) Shields
 + Level 7.2(5.5) Unarmed Combat
 + Level 8.9(7.1) Spellcasting
 + Level 6.0(4.4) Conjurations
 + Level 6.0(4.4) Hexes
 + Level 8.2(6.5) Charms
 + Level 6.0(4.4) Summonings
 + Level 6.0(4.4) Necromancy
 + Level 6.0(4.4) Translocations
 + Level 6.0(4.4) Transmutations
 + Level 6.0(4.4) Fire Magic
 + Level 6.0(4.4) Ice Magic
 + Level 6.0(4.4) Air Magic
 + Level 6.0(4.4) Earth Magic
 + Level 6.0(4.4) Poison Magic
 + Level 7.9(6.2) Invocations
 + Level 7.2(5.5) Evocations


You had 6 spell levels left.
You knew the following spells:

 Your Spells              Type           Power        Failure   Level  Hunger
a - Regeneration          Chrm/Necr      ####......   3%          3    #......
b - Song of Slaying       Chrm           ####....     1%          2    None
c - Shroud of Golubria    Chrm/Tloc      ####......   1%          2    None
d - Infusion              Chrm           ####         1%          1    None
e - Spectral Weapon       Hex/Chrm       ####....     3%          3    #......
f - Confuse               Hex            ###.....     4%          3    #......
g - Mephitic Cloud        Conj/Pois/Air  ###.....     4%          3    #......
s - Borgnjor's Vile Clut  Necr/Erth      ###.......   38%         5    #####..


Dungeon Overview and Level Annotations

Branches:
Dungeon (11/15)            Temple (1/1) D:4            Lair (0/6) D:9
    Orc (2/2) D:11            Elf (0/3) Orc:2

Altars:
Ashenzari
Cheibriados
Dithmenos
Elyvilon
Fedhas
Gozag
Hepliaklqana
Kikubaaqudgha
Makhleb
Nemelex Xobeh
Okawaru
Qazlal
Ru
Sif Muna
Trog
Uskayaw
Vehumet
Wu Jian
Xom
Yredelemnul
Zin
The Shining One

Shops:
D:6 :(%=}   D:8 (   D:10 ?


Innate Abilities, Weirdness & Mutations

Your experience applies equally to all skills.
You have very sharp teeth.
Your uncanny sense of smell can sniff out nearby items.


Message History

The bolt of dispelling energy hits you!
* * * LOW HITPOINT WARNING * * *
Okay, then.
Okay, then.
Okay, then.
What are your orders? t - Bark!
Orders for allies: a - Attack new target. p - Attack previous target. r - Retreat! s - Stop attacking. g - Guard the area. f - Follow me.
Anything else - Cancel.
Okay, then.
Okay, then.
Okay, then.
As you read the scroll labeled OMNUARH SITAMO, it crumbles to dust.
Your body is wracked with pain!
* * * LOW HITPOINT WARNING * * *
The quicksilver dragon convulses!
It was a scroll of torment.
The quicksilver dragon bites you!
You die...

#........#.#......
###########.........#....#.
##..).)..##.................
##..##'##..##.......#.#......
#..##.[.##..#.........#.....#
#.8#..8..#8.#................
#..##...##..#................
##..#####..###(...........##.
##....(..##@................
####(####D..........>......
#.................(.......
##............><[.[..#....
####.#.........)##)[...#...
##.######.).......#.[.[.....
#..^####....(......)...#....
##..##.....#.)........#.....
##............)).......##....


You could see a quicksilver dragon.

Vanquished Creatures
  Gastronok (D:11)
  A stone giant (D:11)
  Erica (D:8)
  An ogre mage (Orc:1)
  2 orc knights
  A deep elf mage (D:9)
  An orc sorcerer (Orc:2)
  A cyclops (Orc:1)
  Maurice (Orc:1)
  A gargoyle (D:10)
  A komodo dragon (D:9)
  The ghost of bmj180 the Cutter, a novice HaFi (D:5)
  2 trolls
  A blink frog (D:10)
  Prince Ribbit (D:9)
  Grinder (D:5)
  Sigmund (D:3)
  2 wraiths (D:10)
  A wyvern (D:9)
  5 yaks (D:10)
  Grum (D:8)
  2 wargs
  Duvessa (D:6)
  2 ice beasts
  11 orc warriors
  A sky beast (D:6)
  14 ogres
  3 phantoms
  An eye of draining (D:10)
  A boggart (D:8)
  2 wolves (D:8)
  4 centaurs
  A big kobold (D:9)
  6 bullfrogs
  A gnoll sergeant (D:9)
  Dowan (D:6)
  2 wyvern skeletons
  2 scorpions
  15 killer bees
  7 wights
  4 electric eels (D:8)
  A howler monkey (D:8)
  2 crimson imps
  A bullfrog zombie (D:9)
  A quasit (D:9)
  8 hounds
  A jelly (D:5)
  A gnoll shaman (D:6)
  Crazy Yiuf (D:6)
  6 centaur skeletons
  13 orc priests
  3 iguanas
  18 orc wizards
  6 worker ants
  A killer bee zombie (D:6)
  A howler monkey zombie (D:9)
  A worker ant zombie (D:8)
  10 gnolls
  2 howler monkey skeletons
  10 adders
  A shadow imp (D:5)
  2 oozes
  An adder skeleton (D:9)
  4 dart slugs
  5 leopard geckos
  80 orcs
  9 bats
  5 giant cockroaches
  8 goblins
  10 hobgoblins
  6 jackals
  4 quokkas
  A ball python skeleton (D:4)
  3 frilled lizards
  A jackal skeleton (D:5)
  19 kobolds
  12 rats
367 creatures vanquished.

Vanquished Creatures (collateral kills)
  4 yaks (D:10)
  3 orc warriors
  3 ogres
  An orc priest (Orc:1)
  4 orc wizards (Orc:1)
  An iguana (D:11)
  10 orcs
26 creatures vanquished.

Vanquished Creatures (others)
  A soldier ant (D:10)
  3 orc warriors (Orc:1)
  4 ogres
  2 orc priests
  An orc (Orc:1)
  2 plants
  4 spectral weapons
17 creatures vanquished.

Grand Total: 410 creatures vanquished

Notes
Turn   | Place    | Note
-------+----------+-------------------------------------------
     0 | D:1      | inmateoo the Gnoll Skald began the quest for the Orb.
     0 | D:1      | Reached XP level 1. HP: 20/20 MP: 6/6
   157 | D:1      | Reached XP level 2. HP: 26/26 MP: 7/7
   252 | D:1      | Learned a level 2 spell: Song of Slaying
   255 | D:1      | Learned a level 2 spell: Shroud of Golubria
   318 | D:1      | Reached XP level 3. HP: 25/31 MP: 9/9
   371 | D:1      | Reached skill level 5 in Spellcasting
   888 | D:2      | Reached skill level 1 in Invocations
   979 | D:2      | Reached skill level 1 in Short Blades
   979 | D:2      | Reached skill level 1 in Long Blades
   979 | D:2      | Reached skill level 1 in Axes
   979 | D:2      | Reached skill level 1 in Maces & Flails
   979 | D:2      | Reached skill level 1 in Staves
   979 | D:2      | Reached skill level 1 in Slings
   979 | D:2      | Reached skill level 1 in Bows
   979 | D:2      | Reached skill level 1 in Crossbows
   979 | D:2      | Reached skill level 1 in Throwing
   979 | D:2      | Reached skill level 1 in Stealth
   979 | D:2      | Reached skill level 1 in Shields
   979 | D:2      | Reached skill level 1 in Unarmed Combat
   979 | D:2      | Reached skill level 1 in Evocations
   979 | D:2      | Reached XP level 4. HP: 33/38 MP: 11/11
  1378 | D:2      | Found a basalt altar of Yredelemnul.
  1683 | D:3      | Found a faded altar of an unknown god.
  1696 | D:3      | Noticed Sigmund
  1871 | D:2      | Reached skill level 1 in Conjurations
  1871 | D:2      | Reached skill level 1 in Hexes
  1871 | D:2      | Reached skill level 1 in Summonings
  1871 | D:2      | Reached skill level 1 in Necromancy
  1871 | D:2      | Reached skill level 1 in Translocations
  1871 | D:2      | Reached skill level 1 in Transmutations
  1871 | D:2      | Reached skill level 1 in Fire Magic
  1871 | D:2      | Reached skill level 1 in Ice Magic
  1871 | D:2      | Reached skill level 1 in Air Magic
  1871 | D:2      | Reached skill level 1 in Earth Magic
  1871 | D:2      | Reached skill level 1 in Poison Magic
  2812 | D:2      | Reached XP level 5. HP: 25/43 MP: 12/12
  3588 | D:2      | Reached XP level 6. HP: 50/50 MP: 13/13
  3964 | D:4      | Reached skill level 5 in Fighting
  3964 | D:4      | Reached skill level 5 in Polearms
  3964 | D:4      | Reached skill level 5 in Dodging
  4155 | D:4      | Reached XP level 7. HP: 48/56 MP: 12/15
  4613 | D:4      | Found a staircase to the Ecumenical Temple.
  4619 | Temple   | Entered the Ecumenical Temple
  4699 | Temple   | Became a worshipper of Ashenzari the Shackled
  5019 | D:3      | Killed Sigmund
  5019 | D:3      | Reached XP level 8. HP: 53/63 MP: 16/16
  5076 | D:3      | Found an iron altar of Okawaru.
  5219 | D:3      | Found an opulent altar of Gozag.
  5418 | D:5      | Entered Level 5 of the Dungeon
  5588 | D:5      | Noticed bmj180's ghost (novice HaFi)
  5664 | D:4      | Learned a level 3 spell: Regeneration
  5668 | D:4      | Learned a level 3 spell: Spectral Weapon
  5879 | D:4      | Learned a level 3 spell: Confuse
  5987 | D:5      | Killed bmj180's ghost
  6337 | D:5      | Noticed Grinder
  6433 | D:5      | Killed Grinder
  6797 | D:5      | Reached XP level 9. HP: 62/69 MP: 18/18
  7136 | D:6      | Found Xutuam's Jewellery Shoppe.
  7167 | D:6      | Found a runed door.
  7237 | D:6      | Noticed Crazy Yiuf
  7241 | D:6      | Killed Crazy Yiuf
  7461 | D:6      | Found Esoaw's Gadget Boutique.
  7468 | D:6      | Found a shimmering altar of Xom.
  7471 | D:6      | Found a shimmering altar of Xom.
  7471 | D:6      | Found a shimmering altar of Xom.
  7471 | D:6      | Found a shimmering altar of Xom.
  7473 | D:6      | Found a shimmering altar of Xom.
  7473 | D:6      | Found a shimmering altar of Xom.
  7475 | D:6      | Found a shimmering altar of Xom.
  7671 | D:6      | Noticed Duvessa
  7673 | D:6      | Noticed Dowan
  7701 | D:6      | Killed Duvessa
  7797 | D:6      | Killed Dowan
  7923 | D:6      | Reached * piety under Ashenzari
  7947 | D:6      | Found Ojanwucs's Food Boutique.
  8073 | D:6      | Found Casaonk's Antique Weapon Shoppe.
  8404 | D:6      | Found Zadghecw's Book Emporium.
  8704 | D:7      | Reached skill level 5 in Armour
  8837 | D:7      | Found a blossoming altar of Fedhas.
  8896 | D:7      | Learned a level 3 spell: Mephitic Cloud
  9062 | D:8      | Reached skill level 5 in Invocations
  9158 | D:8      | Found Jurimp's Weapon Boutique.
  9183 | D:8      | Found an ornate altar of the Wu Jian Council.
  9225 | D:8      | Found a transporter.
  9265 | D:8      | Reached XP level 10. HP: 53/77 MP: 11/20
  9559 | D:8      | Found a transporter.
  9641 | D:8      | Noticed Erica
  9676 | D:8      | Killed Erica
  9676 | D:8      | Reached skill level 5 in Short Blades
  9676 | D:8      | Reached skill level 5 in Long Blades
  9676 | D:8      | Reached skill level 5 in Axes
  9676 | D:8      | Reached skill level 5 in Maces & Flails
  9676 | D:8      | Reached skill level 5 in Staves
  9676 | D:8      | Reached skill level 5 in Slings
  9676 | D:8      | Reached skill level 5 in Bows
  9676 | D:8      | Reached skill level 5 in Crossbows
  9676 | D:8      | Reached skill level 5 in Throwing
  9676 | D:8      | Reached skill level 5 in Stealth
  9676 | D:8      | Reached skill level 5 in Shields
  9676 | D:8      | Reached skill level 5 in Unarmed Combat
  9676 | D:8      | Reached skill level 5 in Evocations
  9714 | D:8      | Noticed Grum
  9729 | D:8      | Killed Grum
 10353 | D:9      | Found a stormy altar of Qazlal.
 10353 | D:9      | Found a sparkling altar of Nemelex Xobeh.
 10530 | D:9      | Noticed a deep elf mage
 10541 | D:9      | Killed a deep elf mage
 10541 | D:9      | Reached XP level 11. HP: 69/84 MP: 22/22
 10572 | D:9      | Noticed Prince Ribbit
 10594 | D:9      | Killed Prince Ribbit
 10716 | D:9      | Reached ** piety under Ashenzari
 10757 | D:9      | Found a staircase to the Lair.
 10898 | D:10     | Entered Level 10 of the Dungeon
 10966 | D:10     | Found Quaw's Magic Scroll Shoppe.
 11125 | D:10     | Reached skill level 5 in Conjurations
 11125 | D:10     | Reached skill level 5 in Hexes
 11125 | D:10     | Reached skill level 5 in Summonings
 11125 | D:10     | Reached skill level 5 in Necromancy
 11125 | D:10     | Reached skill level 5 in Translocations
 11125 | D:10     | Reached skill level 5 in Transmutations
 11125 | D:10     | Reached skill level 5 in Fire Magic
 11125 | D:10     | Reached skill level 5 in Ice Magic
 11125 | D:10     | Reached skill level 5 in Air Magic
 11125 | D:10     | Reached skill level 5 in Earth Magic
 11125 | D:10     | Reached skill level 5 in Poison Magic
 11889 | D:11     | Noticed Gastronok
 11913 | D:11     | Killed Gastronok
 12077 | D:11     | Found a staircase to the Orcish Mines.
 12239 | Orc:1    | Entered Level 1 of the Orcish Mines
 12244 | Orc:1    | Noticed an orc knight
 12252 | Orc:1    | Noticed a cyclops
 12319 | Orc:1    | Noticed a stone giant
 12413 | D:11     | Killed an orc knight
 12413 | D:11     | Reached XP level 12. HP: 93/93 MP: 3/24
 12646 | D:11     | Killed a stone giant
 12864 | D:6      | Bought the ring "Ykoupan" {rPois rF+++ MR+ Str-4 SInv} for 700 gold pieces
 13188 | Orc:1    | Noticed an ogre mage
 13189 | Orc:1    | Killed an ogre mage
 13218 | Orc:1    | Learned a level 5 spell: Borgnjor's Vile Clutch
 13406 | Orc:2    | Entered Level 2 of the Orcish Mines
 13448 | Orc:2    | Found a staircase to the Elven Halls.
 13719 | Orc:1    | Noticed Maurice
 13759 | Orc:1    | Killed Maurice
 13895 | Orc:1    | Noticed an orc warlord
 13949 | Orc:1    | Noticed a sun demon
 14092 | Orc:1    | Noticed a quicksilver dragon
 14092 | Orc:1    | an orc warlord changed into a quicksilver dragon
 14108 | Orc:1    | HP: 3/94 [quicksilver dragon/bolt of dispelling energy (33)]
 14111 | Orc:1    | Slain by a quicksilver dragon

Skill      XL: |  1  2  3  4  5  6  7  8  9 10 11 12 |
---------------+-------------------------------------+-----
Spellcasting   | 5 6 7 8 |  8.9
Invocations    | 1 2 3 4 5 6 7 |  7.9
Short Blades   | 1 2 3 4 5 6 7 |  7.2
Long Blades    | 1 2 3 4 5 6 7 |  7.2
Axes           | 1 2 3 4 5 6 7 |  7.2
Maces & Flails | 1 2 3 4 5 6 7 |  7.2
Staves         | 1 2 3 4 5 6 7 |  7.2
Slings         | 1 2 3 4 5 6 7 |  7.2
Bows           | 1 2 3 4 5 6 7 |  7.2
Crossbows      | 1 2 3 4 5 6 7 |  7.2
Throwing       | 1 2 3 4 5 6 7 |  7.2
Stealth        | 1 2 3 4 5 6 7 |  7.2
Shields        | 1 2 3 4 5 6 7 |  7.2
Unarmed Combat | 1 2 3 4 5 6 7 |  7.2
Evocations     | 1 2 3 4 5 6 7 |  7.2
Conjurations   | 1 2 3 4 5 6 |  6.0
Hexes          | 1 2 3 4 5 6 |  6.0
Summonings     | 1 2 3 4 5 6 |  6.0
Necromancy     | 1 2 3 4 5 6 |  6.0
Translocations | 1 2 3 4 5 6 |  6.0
Transmutations | 1 2 3 4 5 6 |  6.0
Fire Magic     | 1 2 3 4 5 6 |  6.0
Ice Magic      | 1 2 3 4 5 6 |  6.0
Air Magic      | 1 2 3 4 5 6 |  6.0
Earth Magic    | 1 2 3 4 5 6 |  6.0
Poison Magic   | 1 2 3 4 5 6 |  6.0
Armour         | 3 4 5 6 7 |  7.7
Fighting       | 5 6 7 8 |  8.6
Polearms       | 5 6 7 8 |  8.6
Dodging        | 5 6 7 8 |  8.6
Charms         | 6 7 8 |  8.2

Action                   |  1- 3 |  4- 6 |  7- 9 | 10-12 || total
-------------------------+-------+-------+-------+-------++-------
Melee: Spear             |   103 |   109 |       |       ||   212
       Bite              |     8 |    19 |    60 |    70 ||   157
       Dagger            |       |    63 |   373 |   305 ||   741
       Unarmed           |       |     5 |       |    11 ||    16
       Punch             |       |       |     4 |     7 ||    11
       Scimitar          |       |       |    18 |       ||    18
       Quarterstaff      |       |       |    56 |   276 ||   332
 Fire: Hunting sling     |    10 |    10 |       |       ||    20
 Cast: Infusion          |     1 |     2 |     1 |     1 ||     5
       Confuse           |       |       |     7 |    20 ||    27
       Spectral Weapon   |       |       |     9 |    36 ||    45
       Shroud of Golubri |       |       |     3 |     2 ||     5
       Regeneration      |       |       |     2 |    17 ||    19
       Mephitic Cloud    |       |       |       |     9 ||     9
       Song of Slaying   |       |       |       |     1 ||     1
       Borgnjor's Vile C |       |       |       |    18 ||    18
Evoke: Wand              |       |     1 |       |    50 ||    51
       Phantom mirror    |       |       |       |     1 ||     1
  Use: Scroll            |       |    10 |     1 |     8 ||    19
       Potion            |       |     4 |       |     3 ||     7
 Stab: Sleeping          |     4 |     2 |    13 |    12 ||    31
       Confused          |       |       |     3 |    12 ||    15
       Distracted        |       |       |     1 |     5 ||     6
       Paralysed         |       |       |     1 |     3 ||     4
       Petrifying        |       |       |       |     1 ||     1
  Eat: Chunk             |       |    11 |    18 |    15 ||    44
       Ration            |       |       |       |     1 ||     1
Armor: Leather armour    |    21 |    18 |    19 |     2 ||    60
       Skin              |       |     4 |       |     5 ||     9
       Robe              |       |       |       |    71 ||    71
Dodge: Dodged            |    43 |    90 |   337 |   449 ||   919
       Rpst.: Scimitar   |       |       |     2 |       ||     2
